 Dungeon Crawl Stone Soup version 0.27.0-1-g7a089689b8 (webtiles) character file.

Game seed: 4013425958984123344

2 willcat the Sneak (level 1, 0/18 HPs)
             Began as a Mummy Delver on Aug 13, 2021.
             Slain by a hound (3 damage)
             ... on level 6 of the Dungeon.
             The game lasted 00:00:31 (270 turns).

willcat the Sneak (Mummy Delver)                     Turns: 270, Time: 00:00:32

Health: 0/18       AC:  3    Str: 15    XL:     1   Next: 25%
Magic:  1/1        EV: 11    Int:  9    God:
Gold:   17         SH:  0    Dex: 13    Spells: 0/0 levels left

rFire    x . .     SeeInvis .   a - +0 short sword
rCold    + + .     Faith    .   (no shield)
rNeg     + + +     Spirit   .   b - +0 leather armour
rPois    ∞         Reflect  .   (no helmet)
rElec    .         Harm     .   (no cloak)
rCorr    .         Rampage  .   (no gloves)
Will     .....                  (no boots)
Stlth    ++........             (no amulet)
HPRegen  0.06/turn              h - ring of protection from cold
MPRegen  0.07/turn              (no ring)

@: no status effects
A: cold resistance 1, negative energy resistance 3, torment resistance 2, heat
vulnerability 1, no potions
a: no special abilities


You were on level 6 of the Dungeon.
You visited 1 branch of the dungeon, and saw 2 of its levels.

You collected 17 gold pieces.

Inventory:

Hand Weapons
 a - a +0 short sword (weapon)
Armour
 b - a +0 leather armour (worn)
Jewellery
 h - a ring of protection from cold (left hand)
Wands
 f - a wand of digging (3)
Scrolls
 c - a scroll of fog
 d - a scroll of magic mapping
 e - a scroll of fear
 i - a scroll of teleportation


   Skills:
 - Level 3.0 Fighting
 + Level 1.6 Short Blades
 - Level 1.5 Dodging
 + Level 4.1 Stealth


You couldn't memorise any spells.
You didn't know any spells.
Your spell library was empty.

Dungeon Overview and Level Annotations

Branches:
Dungeon (6/15)
 Temple: D:4-7

Altars:


Innate Abilities, Weirdness & Mutations

You are immune to poison.
Your flesh is cold resistant. (rC+)
You are immune to negative energy. (rN+++)
You are immune to unholy pain and torment.
You are vulnerable to heat. (rF-)
You do not drink.


Message History

You see here a +0 flail.
i - a scroll labelled DIWAENW QERESEH You start resting.
Key pressed, stopping explore.
HP restored.
You open the door.
There is an open door here.
You now have 17 gold pieces.
j - a scroll labelled YRYGAS EKKEO A hound comes into view.
Unknown command.
The hound barks!
As you read the scroll labelled QELADOEZ KUMA, it crumbles to dust.
It is a scroll of identify.
i - a scroll of teleportation
As you read the scroll labelled YRYGAS EKKEO, it crumbles to dust.
You hear a loud clanging noise!
It was a scroll of noise.
You hit the hound but do no damage. The hound bites you but does no damage.
The hound bites you.
You barely miss the hound. The hound bites you. The hound barely misses you.
You barely miss the hound. The hound misses you.
You hit the hound.
The hound is lightly wounded.
The hound bites you. x2
You hit the hound.
The hound is moderately wounded.
The hound barely misses you.
You closely miss the hound.
The hound is moderately wounded.
The hound bites you but does no damage. The hound bites you.
You hit the hound.
The hound is moderately wounded.
The hound barely misses you.
You closely miss the hound.
The hound is moderately wounded.
The hound bites you.
* * * LOW HITPOINT WARNING * * *
The hound bites you.
You die...

#..........#
..
#..........#
.
#..........#
.
#..........#
#..........#
##..##.....#
##..##.....#
#...##....##
#..@#######
#..h.#
###..# #...#
#....#
#....#
#....#
#...## #...#


You could see a hound.

Vanquished Creatures
  An orc (D:6)
1 creature vanquished.

Notes
Turn   | Place    | Note
-------+----------+-------------------------------------------
     0 | D:5      | willcat the Mummy Delver began the quest for the Orb.
     0 | D:5      | Reached XP level 1. HP: 18/18 MP: 1/1
     6 | D:5      | Noticed a jelly
    34 | D:6      | Noticed a hound
   256 | D:6      | Noticed a hound
   270 | D:6      | Slain by a hound

Illustrated notes

Levels and vault maps discovered:
D:5:      layout_cave_pools, mainiacjoe_overflow_alcove_1, portal_sewer_entry_a
D:6:      layout_gridville

Action                   || total
-------------------------++-------
Melee: Short sword       ||    10
  Use: Scroll            ||     2
Armor: Leather armour    ||     2
Dodge: Dodged            ||    10
